 Dungeon Crawl Stone Soup version 0.30-a0-883-g5ad918d77d (webtiles) character file.

Game seed: 16353460795322884073

245 lunkers the Basher (level 6, 0/48 HPs)
             Began as a Meteoran Reaver on Mar 15, 2023.
             Slain by an orc
             ... wielding a +0 mace
              (4 damage)
             ... on level 5 of the Dungeon.
             The game lasted 00:03:38 (1072 turns).

lunkers the Basher (Meteoran Reaver)                Turns: 1072, Time: 00:03:39

Health: 0/48       AC:  4    Str: 16    XL:     6   Next: 59%
Magic:  11/11      EV: 12    Int: 14    God:
Gold:   101        SH:  0    Dex: 19    Spells: 9/10 levels left

rFire   . . .      SeeInvis .    a - +0 mace
rCold   . . .      Faith    .    (no shield)
rNeg    . . .      Spirit   .    b - +0 leather armour
rPois   .          Reflect  .    (no helmet)
rElec   .          Rampage  .    (no cloak)
rCorr   .                        j - +0 pair of gloves
Will    .....                    (no boots)
Stlth   +                        (no amulet)
HPRegen 0.28/turn                i - +6 ring of dexterity
MPRegen 0.12/turn                (no ring)

@: glowing
A: sense surroundings 1, otherworldly, glowing, explore regen
a: no special abilities


You were on level 5 of the Dungeon.
You visited 1 branch of the dungeon, and saw 4 of its levels.

You collected 101 gold pieces.

Inventory:

Hand Weapons
 a - a +0 mace (weapon)
Armour
 b - a +0 leather armour (worn)
 j - a +0 pair of gloves (worn)
Jewellery
 i - a +6 ring of dexterity (left hand)
Wands
 o - a wand of paralysis (7)
Scrolls
 c - 2 scrolls of teleportation
 d - a scroll of poison
 e - a scroll of identify {unknown}
 f - a scroll of vulnerability {unknown}
 g - a scroll of fog {unknown}
 p - a scroll of fear {unknown}
 q - a scroll of amnesia {unknown}
Potions
 h - 2 potions of haste {unknown}
 k - a potion of might {unknown}
 l - 3 potions of mutation {unknown}
 m - a potion of heal wounds {unknown}
 n - a potion of magic {unknown}
 r - a potion of lignification {unknown}


   Skills:
 - Level 2.1 Fighting
 + Level 8.8 Maces & Flails
 - Level 2.4 Dodging
 - Level 2.6 Spellcasting
 - Level 3.6 Conjurations


You had 9 spell levels left.
You knew the following spells:

 Your Spells              Type           Power      Damage    Failure   Level
p - Kiss of Death         Conj/Necr      24%        2d7       13%         1

Your spell library contained the following spells:

 Spells                   Type           Power      Damage    Failure   Level
 Momentum Strike          Conj/Tloc      12%        3d8       21%         2
 Hailstorm                Conj/Ice       6%         3d4       36%         3


Dungeon Overview and Level Annotations

Branches:
Dungeon (3/15) Zot: 1315

Altars:

Annotations:
D:3 Terence


Innate Abilities, Weirdness & Mutations

You passively map a small area around you.
You are easily found by Zot.
You glow in the dark.
You regain HP and MP as you explore.


Message History

You sock the hound!
The hound is heavily wounded.
You feel sick. The hound bites you. The hound bites you but does no damage.
You closely miss the hound.
The hound is heavily wounded.
You feel sick.
You are no longer poisoned.
The orc hits you but does no damage. The hound bites you.
* * * LOW HITPOINT WARNING * * *
You hit the hound but do no damage.
The hound is heavily wounded.
The orc hits you with a +0 mace.
* * * LOW HITPOINT WARNING * * *
The hound barely misses you.
You hit the hound but do no damage.
The hound is heavily wounded.
The hound closely misses you. The orc hits you with a +0 mace.
* * * LOW HITPOINT WARNING * * *
The hound barely misses you.
You hit the hound but do no damage.
The hound is heavily wounded.
The orc hits you with a +0 mace.
* * * LOW HITPOINT WARNING * * *
The hound misses you.
You closely miss the hound.
The hound is heavily wounded.
The hound bites you.
* * * LOW HITPOINT WARNING * * *
The orc hits you with a +0 mace.
* * * LOW HITPOINT WARNING * * *
You completely miss the hound.
The hound is heavily wounded.
The hound barely misses you. The orc misses you. The hound bites you.
* * * LOW HITPOINT WARNING * * *
You barely miss the hound.
The hound is heavily wounded.
The hound bites you.
* * * LOW HITPOINT WARNING * * *
The orc hits you with a +0 mace.
You die...

* *##.. ,* #... ###### #.#
#..# , , .....# #.## *..#
,,,, , .....######... ,
..# .....##.....#### #.#
...............# #.# *
.....#......##.###.#
...............h@oo# ***
.....#.###.#.######.......
* * ######...........#
....... <.....####.#...#.#
....... *
#..............#.# .......
#.##...##........# .......
#.#........#...###*.!.....
, #.....##...#...# .......
, , #..............# *


You could see a hound and 2 orcs.

Vanquished Creatures
  An ice beast (D:5)
  A howler monkey (D:5)
  A hound (D:5)
  An orc wizard (D:5)
  3 adders
  2 worms (D:2)
  An orc (D:5)
  A bat (D:2)
  4 endoplasms
  6 goblins
  3 hobgoblins
  A quokka (D:2)
  A ball python (D:2)
  3 kobolds
  4 rats
33 creatures vanquished.

Notes
Turn   | Place    | Note
-------+----------+-------------------------------------------
     0 | D:1      | lunkers the Meteoran Reaver began the quest for the Orb.
     0 | D:1      | Reached XP level 1. HP: 17/17 MP: 5/5
   235 | D:1      | Reached XP level 2. HP: 7/24 MP: 6/6
   439 | D:2      | Reached skill level 5 in Maces & Flails
   445 | D:2      | Reached XP level 3. HP: 10/29 MP: 8/8
   659 | D:2      | Reached XP level 4. HP: 28/36 MP: 9/9
   681 | D:2      | Reached skill level 6 in Maces & Flails
   707 | D:3      | Noticed Terence
   953 | D:3      | You fall into a shaft and drop 2 floors!
   953 | D:5      | Entered Level 5 of the Dungeon
   966 | D:5      | Noticed an ice beast
   976 | D:5      | Killed an ice beast
   977 | D:5      | Reached skill level 7 in Maces & Flails
   977 | D:5      | Reached XP level 5. HP: 41/41 MP: 10/10
  1048 | D:5      | Reached skill level 8 in Maces & Flails
  1048 | D:5      | Reached XP level 6. HP: 42/48 MP: 11/11
  1072 | D:5      | Slain by an orc

Illustrated notes

Levels and vault maps discovered:
D:1:      dpeg_arrival_prison, layout_basic, grunt_decor_cap
D:2:      layout_loops_cross, serial_bayou_pond_b, skrybe_limestone_x,
          st_stairs_12, chequers_decorated_corner
D:3:      layout_basic, serial_forest, infiniplex_forest_end_1,
          infiniplex_forest_corner_1, infiniplex_forest_clump_C,
          infiniplex_forest_3_way, infiniplex_forest_straight_4,
          infiniplex_forest_zigzag_1, infiniplex_forest_straight_2,
          infiniplex_forest_clump_curved, serial_bayou_lake_a, uniq_terence
D:5:      layout_basic, gammafunk_temple_overflow_forgotten,
          portal_sewer_entry_e, uniq_grinder

Skill      XL: |  1  2  3  4  5 |
---------------+----------------+-----
Maces & Flails | 5 7 8 |  8.8
Fighting       | |  2.1
Dodging        | |  2.4
Spellcasting   | |  2.6
Conjurations   | |  3.6

Action                     |  1- 3 |  4- 6 || total
---------------------------+-------+-------++-------
  Melee: Mace              |    68 |    65 ||   133
         Punch             |     2 |     4 ||     6
  Evoke: Wand              |       |     1 ||     1
    Use: Scroll            |       |     2 ||     2
   Stab: Paralysed         |       |     7 ||     7
 Armour: Leather armour    |    22 |     9 ||    31
  Dodge: Dodged            |    36 |    36 ||    72

Table legend: (Time is in decaauts)
 A = Elapsed time spent in this place.
 B = Non-inter-level travel time spent in this place.
 C = Inter-level travel time spent in this place.
 D = Time resting spent in this place.
 E = Time spent auto-exploring this place.
 F = Levels seen in this place.
 G = Mean time per level.
                   A        B        C        D        E       F      G
               +--------+--------+--------+--------+--------+-----+--------+
         Total |   1083 |   1066 |     17 |      0 |    722 |   4 |  270.8 |
       Dungeon |   1083 |   1066 |     17 |      0 |    722 |   4 |  270.8 |
               +--------+--------+--------+--------+--------+-----+--------+

Top non-repeatable levels by time:
     D:1: 432 daAuts
     D:2: 283 daAuts
     D:3: 248 daAuts
     D:5: 118 daAuts
